 Dungeon Crawl Stone Soup version 0.21.0 (webtiles) character file.

716 inmateoo the Chopper (level 7, -5/44 HPs)
             Began as a Gargoyle Fighter on Jan 5, 2018.
             Slain by an ogre
             ... wielding a +0 giant club
              (23 damage)
             ... on level 4 of the Dungeon.
             The game lasted 00:03:10 (3306 turns).

inmateoo the Chopper (Gargoyle Fighter)             Turns: 3306, Time: 00:03:11

Health: -5/44      AC: 13    Str: 26    XL:     7   Next: 69%
Magic:  7/7        EV: 10    Int: 12    God:
Gold:   191        SH:  0    Dex:  9    Spells: 6/6 levels left

rFire    . . .     SeeInvis .   B - +3 battleaxe (chop)
rCold    . . .     Gourm    .   (shield currently unavailable)
rNeg     + + .     Faith    .   y - +1 ring mail "Feshum" {rN+ Str+4 Int+4}
rPois    ∞         Spirit   .   m - +0 helmet
rElec    +         Reflect  .   (no cloak)
rCorr    .         Harm     .   (no gloves)
MR       .....                  h - +0 pair of boots
Stlth    ..........             (no amulet)
HPRegen  0.14/turn              x - ring of wizardry
MPRegen  0.10/turn              (no ring)

@: no status effects
A: negative energy resistance 1, electricity resistance, unbreathing,
petrification resistance, rot immunity, AC +4
a: no special abilities


You were on level 4 of the Dungeon.
You were hungry.

You visited 1 branch of the dungeon, and saw 4 of its levels.
You also visited: Sewer.

You collected 191 gold pieces.

Inventory:

Hand Weapons
 a - a +0 war axe
 B - a +3 battleaxe of chopping (weapon)
Missiles
 A - 8 poisoned needles
Armour
 b - a +0 scale mail
 c - a +0 shield
 h - a +0 pair of boots (worn)
 m - a +0 helmet (worn)
 y - the +1 ring mail "Feshum" (worn) {rN+ Str+4 Int+4}
   (You found it on level 4 of the Dungeon)

   It affects your strength (+4).
   It affects your intelligence (+4).
   It protects you from negative energy.
Jewellery
 x - a ring of wizardry (left hand)
 z - an uncursed amulet of harm {unknown}
Scrolls
 e - a scroll of enchant armour {unknown}
 i - a scroll of noise {unknown}
 j - 4 scrolls of identify {unknown}
 l - a scroll of enchant weapon {unknown}
 n - 4 scrolls of amnesia {unknown}
 o - 2 scrolls of teleportation {unknown}
 q - 3 scrolls of remove curse {unknown}
 u - 2 scrolls of blinking {unknown}
 w - 2 scrolls of fog {unknown}
Potions
 d - a potion of might
 g - 3 potions of brilliance {unknown}
 k - a potion of agility {unknown}
 p - a potion of resistance {unknown}
 r - 4 potions of curing {unknown}
 s - 3 potions of magic {unknown}
 t - a potion of heal wounds {unknown}
 v - a potion of flight {unknown}
 C - a potion of cancellation {unknown}
Comestibles
 f - 11 rations


   Skills:
 + Level 5.4 Fighting
 + Level 6.8 Axes
 - Level 3.2 Armour
 - Level 3.2 Shields


You had 6 spell levels left.
You didn't know any spells.

Dungeon Overview and Level Annotations

Branches:
Dungeon (4/15)
 Temple: D:4-7

Altars:
Hepliaklqana
Qazlal
Xom
The Shining One


Innate Abilities, Weirdness & Mutations

You are resistant to torment.
Your stone body is resilient. (AC +4)
You are immune to poison.
You resist negative energy. (rN+)
You are resistant to electric shocks. (rElec)
You can survive without breathing.
You are immune to petrification.
You are immune to rotting.


Message History

An ogre is nearby!
You hit the ogre.
The ogre is lightly wounded.
The ogre hits you with a giant club.
An ogre is nearby!
You slash the ogre!
The ogre is heavily wounded.
The ogre hits you with a giant club!!
There is an open door here.
You barely miss the ogre.
The ogre is heavily wounded.
The ogre hits you but does no damage.
You barely miss the ogre.
The ogre is heavily wounded.
The ogre hits you with a giant club.
You slash the ogre!
The ogre is almost dead.
The ogre hits you with a giant club!!
Ouch! That really hurt!
You die...

## #. #. #.
#####.######
...........#
#......############
###@###.............
#≈≈.O≈#....#########
#≈8.8≈#.##.####
#≈._.≈#.......#
#≈8.8≈#.##.####
#≈≈≈≈≈#.##.####
#######.......######
####.#####.... #.#
#.###


You could see an ogre.

Vanquished Creatures
  Sigmund (D:4)
  An ogre (D:4)
  Blork the orc (D:4)
  A scorpion (D:4)
  A howler monkey (D:4)
  3 crimson imps (D:3)
  A hound (D:4)
  A hound skeleton (D:4)
  5 adders
  A river rat (D:3)
  2 oozes (D:2)
  2 worms
  3 dart slugs
  A leopard gecko (D:4)
  2 orcs (D:3)
  5 bats
  6 giant cockroaches
  14 goblins
  6 hobgoblins
  7 jackals
  2 quokkas (D:3)
  10 ball pythons
  8 frilled lizards
  A jackal skeleton (D:4)
  7 kobolds
  7 rats
99 creatures vanquished.

Notes
Turn   | Place    | Note
-------+----------+-------------------------------------------
     0 | D:1      | inmateoo the Gargoyle Fighter began the quest for the Orb.
     0 | D:1      | Reached XP level 1. HP: 14/14 MP: 1/1
    16 | D:1      | Reached skill level 2 in Axes
   210 | D:1      | Reached XP level 2. HP: 19/19 MP: 2/2
   587 | D:1      | Reached skill level 3 in Axes
   599 | D:1      | Reached XP level 3. HP: 22/23 MP: 3/3
   786 | D:2      | Found a stormy altar of Qazlal.
   829 | D:2      | Found a glowing golden altar of the Shining One.
  1356 | D:3      | Reached XP level 4. HP: 28/28 MP: 4/4
  1361 | D:3      | Found a glowing drain.
  1376 | D:3      | Reached skill level 4 in Axes
  1405 | Sewer    | Entered a sewer
  2013 | D:3      | Reached XP level 5. HP: 32/32 MP: 5/5
  2055 | D:3      | Found a shimmering altar of Xom.
  2152 | D:3      | Reached skill level 5 in Axes
  2257 | D:3      | Reached XP level 6. HP: 33/37 MP: 6/6
  2356 | D:4      | Noticed Blork the orc
  2366 | D:4      | Killed Blork the orc
  2370 | D:4      | Reached skill level 6 in Axes
  2651 | D:4      | Reached XP level 7. HP: 35/44 MP: 7/7
  2821 | D:4      | Got a twisted ring mail
  2832 | D:4      | Identified the +1 ring mail "Feshum" {rN+ Str+4 Int+4} (You found it on level 4 of the Dungeon)
  2848 | D:4      | Noticed Sigmund
  2871 | D:4      | Killed Sigmund
  2871 | D:4      | Reached skill level 5 in Fighting
  3298 | D:4      | Found a hazy altar of Hepliaklqana.
  3306 | D:4      | Slain by an ogre

Skill      XL: |  1  2  3  4  5  6  7 |
---------------+----------------------+-----
Axes           | 2 3 4 5 6 |  6.8
Fighting       | 4 5 |  5.4
Armour         | |  3.2
Shields        | |  3.2

Action                   |  1- 3 |  4- 6 |  7- 9 || total
-------------------------+-------+-------+-------++-------
Melee: War axe           |   135 |   194 |       ||   329
       Battleaxe         |       |     2 |    41 ||    43
  Use: Potion            |       |     1 |       ||     1
  Eat: Chunk             |     2 |     4 |     2 ||     8
Armor: Scale mail        |    79 |   121 |     7 ||   207
       Ring mail         |       |       |    14 ||    14
Dodge: Dodged            |    44 |    61 |    19 ||   124
Block: Shield            |    78 |    96 |       ||   174
